[Event "Late-Titled-Tuesday-Blitz-March-05-2024"]
[Site "Chess.com"]
[Date "2024.03.05"]
[Round "6"]
[White "FMJoseHerrera"]
[Black "Bilan_Danila"]
[Result "1-0"]
[WhiteElo "2767"]
[BlackElo "2546"]
[TimeControl "180+1"]
[EndTime "15:04:16 PST"]
[Termination "FMJoseHerrera won on time"]

1. Nf3 d5 2. g3 Nf6 3. Bg2 Bf5 4. d3 h6 5. O-O e6 6. c3 c5 7. Qb3 Qb6 8. Be3 Qxb3 9. axb3 Nc6 10. Na3 Be7 11.
Nc2 O-O 12. h3 Rfc8 13. g4 Bh7 14. Rfc1 b5 15. Ra6 Nb8 16. Ra5 c4 17. dxc4 bxc4 18. bxc4 Nc6 19. Ra4 a5 20. cxd5 Nxd5 21. Bd2 Rab8 22. Ra2 Bxc2 23. Rxc2 Ncb4 24. cxb4 Rxc2 25. bxa5 Rbxb2 26. Ra1 Ra2 27. Rb1 Rxd2 28. Nxd2 Rxd2 29. Ra1 Bc5 30. e3 Nc3 31. Bf1 Ra2 32. Rc1 Bb4 33.
a6 Kf8 34. Kg2 Ke7 35. Bc4 Ra3 36. Rc2 Kd6 37. Rd2+ Kc5 38. Bf1 Ra2 39. Rd7 Ne4 40.
Rxf7 Nd2 41. Bd3 Nb3 42. Rxg7 Nc1 43. Rc7+ 1-0

[Event "Late-Titled-Tuesday-Blitz-March-05-2024"]
[Site "Chess.com"]
[Date "2024.03.05"]
[Round "6"]
[White "Smoking_Crow"]
[Black "GilbertoHernandezAmura"]
[Result "1-0"]
[WhiteElo "2621"]
[BlackElo "2473"]
[TimeControl "180+1"]
[EndTime "15:04:16 PST"]
[Termination "Smoking_Crow won by checkmate"]

1. c4 Nf6 2. Nc3 g6 3. e4 c5 4. Nf3 Bg7 5. d4 cxd4 6. Nxd4 O-O 7. Be2 Nc6 8. Be3 d6 9. O-O Be6 10. Nxe6 fxe6 11. Rc1 Rc8 12. Qd2 Nd7 13. b3 a6 14. Bg4 e5 15. Nd5 Rb8 16. Bxd7 Qxd7 17. c5 Rbd8 18. cxd6 exd6 19. f3 Rf7 20. Rfd1 Bf8 21.
Bg5 Be7 22. Be3 Qe6 23. Qe2 Rd7 24. Qc4 Bf8 25. Bg5 Kg7 26. Nb6 Qxc4 27. Nxc4 Nd4 28.
Kf2 Rc7 29. Be3 b5 30. Na5 Nc2 31. Bb6 Rc8 32. Rd2 Rb8 33. Rdxc2 Rxb6 34. Rc7 h5 35. Rxf7+ Kxf7 36. Rc7+ Ke6 37. Ke3 Be7 38. Nc6 Bf8 39. Nd8+ Kf6 40. Rf7+ Kg5 41. Ne6+ Kh6 42. Rxf8 Rc6 43.
Rh8# 1-0

[Event "Late-Titled-Tuesday-Blitz-March-05-2024"]
[Site "Chess.com"]
[Date "2024.03.05"]
[Round "6"]
[White "Jospem"]
[Black "Chopper1905"]
[Result "1-0"]
[WhiteElo "3103"]
[BlackElo "2968"]
[TimeControl "180+1"]
[EndTime "15:04:17 PST"]
[Termination "Jospem won on time"]

1. e4 e5 2. Nf3 Nc6 3. Nc3 Nf6 4. h3 Bb4 5. a3 Bxc3 6. dxc3 Nxe4 7. Nxe5 Nxe5 8.
Qd4 O-O 9. Qxe4 d5 10. Qa4 Qe8 11. Qxe8 Rxe8 12. Kd1 Bf5 13. b3 c5 14. Bf4 Rad8 15.
Bb5 Re6 16. Re1 f6 17. Bf1 d4 18. c4 h5 19. Kd2 g5 20. Bh2 Rde8 21. f4 Nf7 22.
Rxe6 Rxe6 23. Bd3 Bxd3 24. cxd3 g4 25. hxg4 hxg4 26. b4 b6 27. f5 Re7 28. bxc5 bxc5 29.
Rb1 Nh6 30. Bd6 Re8 31. Bxc5 Nxf5 32. Rf1 Ng3 33. Rxf6 Re2+ 34. Kd1 Rxg2 35. Rg6+ Kf7 36. Rxg4 Rg1+ 37. Kc2 Rg2+ 38. Kb3 Ke6 39. Bxd4 Kf5 40. Rg8 Kf4 41. Bxa7 Kf3 42. Bb8 1-0

[Event "Late-Titled-Tuesday-Blitz-March-05-2024"]
[Site "Chess.com"]
[Date "2024.03.05"]
[Round "6"]
[White "esteban062000"]
[Black "FMOlexandrProhorov"]
[Result "0-1"]
[WhiteElo "2131"]
[BlackElo "2351"]
[TimeControl "180+1"]
[EndTime "15:04:19 PST"]
[Termination "FMOlexandrProhorov won by resignation"]

1. e4 c5 2. d4 cxd4 3. c3 Nf6 4. e5 Nd5 5. cxd4 Nc6 6. Nf3 d6 7. exd6 Qxd6 8. Bd3 Bg4 9. O-O Bxf3 10. Qxf3 Nxd4 11. Qe4 Nc6 12. Bb5 e6 13. Rd1 Be7 14. Nd2 O-O 15. Nc4 Qc5 16. Bxc6 Qxc6 17. Ne5 Qc7 18. Nf3 Bf6 19. Rb1 Rac8 20. Bg5 Qc4 21. Qe1 Bxg5 22. Nxg5 Qg4 23. Nf3 Nf4 24. Qf1 Rc2 25. Rd2 Rfc8 26. Rbd1 h6 27. Ne5 Qg5 28. Nf3 Qh5 29. Rd8+ Rxd8 30. Rxd8+ Kh7 31. Qb1 Qg6 32. g3 Nh3+ 33. Kh1 Nxf2+ 34. Kg1 Nh3+ 35. Kh1 Qe4 0-1

[Event "Late-Titled-Tuesday-Blitz-March-05-2024"]
[Site "Chess.com"]
[Date "2024.03.05"]
[Round "6"]
[White "Mikasinski"]
[Black "ContrVersia"]
[Result "0-1"]
[WhiteElo "2677"]
[BlackElo "2869"]
[TimeControl "180+1"]
[EndTime "15:04:20 PST"]
[Termination "ContrVersia won by resignation"]

1. e4 c5 2. c3 Nf6 3. e5 Nd5 4. Nf3 Nc6 5. d4 cxd4 6. Bc4 Nb6 7. Bb3 d5 8. exd6 Qxd6 9. O-O Be6 10. Re1 Bxb3 11.
Qxb3 e6 12. cxd4 Be7 13. Nc3 O-O 14. Be3 Rfd8 15. Rad1 Qb4 16. Qc2 Nd5 17. a3 Qa5 18. Ne4 Rac8 19. Qb1 Nxe3 20. Rxe3 Rd7 21. Red3 Rcd8 22.
h3 Qf5 23. Ng3 Qg6 24. Qa2 Bf6 25.
d5 Ne7 26. d6 Nd5 27. Qb3 b6 28. Qa4 a5 29. Qb5 Rxd6 30. Re1 Nc7 31. Qc4 Rxd3 32.
Qxc7 h5 33. Qxb6 Rxf3 34. gxf3 h4 35. Re4 hxg3 36. Qxa5 Rd1+ 37. Re1 gxf2+ 38. Kxf2 Bh4+ 0-1

[Event "Late-Titled-Tuesday-Blitz-March-05-2024"]
[Site "Chess.com"]
[Date "2024.03.05"]
[Round "6"]
[White "GiorgianBarbosa"]
[Black "DraningWaterHi"]
[Result "1-0"]
[WhiteElo "2419"]
[BlackElo "2199"]
[TimeControl "180+1"]
[EndTime "15:04:20 PST"]
[Termination "GiorgianBarbosa won by checkmate"]

1. b3 b6 2. Bb2 Bb7 3. Nf3 Nf6 4. Bxf6 gxf6 5. g3 e5 6. Bg2 Bg7 7. O-O f5 8. d4 e4 9. Nh4 Qf6 10. e3 d5 11. c4 c6 12. Nc3 Nd7 13. cxd5 cxd5 14. Qh5 Rc8 15. Ne2 Rc2 16. Nf4 Ba6 17.
Rfc1 Qc6 18. Rxc2 Qxc2 19. Nxf5 Bf8 20. Nxd5 Be2 21. Qh4 Bf3 22. Nf6+ Nxf6 23. Qxf6 Rg8 24. Nd6+ Bxd6 25. Qxd6 Rg6 26. Qb8+ Ke7 27. Qxa7+ Kf8 28. Qa3+ Kg7 29. Rc1 Qe2 30. Qe7 Rf6 31. Rf1 h5 32. Qe5 Kg6 33. h4 Rf5 34. Qe8 Qxa2 35. Qg8+ Kf6 36. Bxf3 exf3 37. Rc1 Qd2 38. Rc6+ Ke7 39.
Rc7+ Ke6 40. Qe8+ Kd5 41. Qc6# 1-0

[Event "Late-Titled-Tuesday-Blitz-March-05-2024"]
[Site "Chess.com"]
[Date "2024.03.05"]
[Round "6"]
[White "XeresLt"]
[Black "karinachess1"]
[Result "0-1"]
[WhiteElo "2465"]
[BlackElo "2598"]
[TimeControl "180+1"]
[EndTime "15:04:22 PST"]
[Termination "karinachess1 won by resignation"]

1. e4 e5 2. Nf3 Nc6 3. Bc4 Nf6 4. d3 h6 5. c3 d6 6. a4 g5 7. b4 Bg7 8. h4 g4 9. Ng1 Be6 10. Ba2 d5 11. b5 Ne7 12. Nd2 Qd7 13. Ne2 Nh5 14.
exd5 Nxd5 15. Ne4 b6 16. c4 Ndf4 17. Nxf4 Nxf4 18. Bxf4 exf4 19. O-O Bxa1 20. Qxa1 O-O-O 21. a5 Qd4 22. Qe1 g3 23. axb6 cxb6 24. Bb1 Rhg8 25. Qc1 f3 26. gxf3 gxf2+ 27. Kh1 Bh3 28. Rxf2 f5 29. Rh2 fxe4 30. Rxh3 exd3 31. Qd1 d2 32. Bf5+ Kb8 33. Rh2 Rg1+ 34. Qxg1 Qxg1+ 35. Kxg1 d1=Q+ 36. Kg2 Rd2+ 0-1

[Event "Late-Titled-Tuesday-Blitz-March-05-2024"]
[Site "Chess.com"]
[Date "2024.03.05"]
[Round "6"]
[White "Harsha_Bharathakoti"]
[Black "DeTimmerman"]
[Result "1-0"]
[WhiteElo "2959"]
[BlackElo "2748"]
[TimeControl "180+1"]
[EndTime "15:04:25 PST"]
[Termination "Harsha_Bharathakoti won by resignation"]

1. d4 Nf6 2. Bg5 Ne4 3. Bf4 c5 4. f3 Qa5+ 5. c3 Nf6 6. d5 e6 7.
e4 exd5 8. exd5 d6 9. Na3 Be7 10. Nc4 Qc7 11. a4 Nbd7 12. Qe2 Kd8 13. O-O-O Nf8 14.
Qc2 Ng6 15. Bg3 Bd7 16. h4 Re8 17. h5 Nf8 18. h6 g6 19. Nh3 Bf5 20. Bd3 Bxd3 21.
Qxd3 Kc8 22. Ng5 Nh5 23. Rxh5 gxh5 24. Nxf7 Rd8 25. Nxd8 Qxd8 26. Re1 Ng6 27. Qf5+ Qd7 28. Nxd6+ Bxd6 29. Re8+ Kc7 30. Bxd6+ 1-0

[Event "Late-Titled-Tuesday-Blitz-March-05-2024"]
[Site "Chess.com"]
[Date "2024.03.05"]
[Round "6"]
[White "kids2010"]
[Black "maximnovik"]
[Result "1-0"]
[WhiteElo "2808"]
[BlackElo "2603"]
[TimeControl "180+1"]
[EndTime "15:04:25 PST"]
[Termination "kids2010 won by resignation"]

1. e4 c6 2. d4 d5 3. exd5 cxd5 4. Bd3 Nf6 5. c3 Nc6 6. Bf4 Bg4 7. Qb3 Qd7 8. Nd2 e6 9. Ngf3 Bd6 10. Bxd6 Qxd6 11.
O-O O-O 12. Rae1 Qc7 13. Re3 Bxf3 14. Nxf3 Rae8 15. Rfe1 g6 16. Ne5 Nxe5 17. dxe5 Nd7 18. Qb4 Nc5 19. Qh4 Nxd3 20. Rxd3 Qe7 21. Qh6 f5 22. exf6 Qxf6 23. Rf3 Qg7 24. Rxf8+ Qxf8 25. Qe3 a6 26. Qb6 Qf7 27. Qd6 Kg7 28. f4 Qe7 29.
Qe5+ Qf6 30. Qe3 Re7 31. g3 Kf7 32. Kg2 h5 33. Re2 Qf5 34. h3 Qb1 35. a3 Qf5 36.
Qf3 Kg7 37. g4 hxg4 38. hxg4 Qf6 39. Re5 Rf7 40. Kg3 Qxe5 41. fxe5 Rxf3+ 42. Kxf3 g5 43. Ke3 Kf7 44. Kd4 b6 45. a4 Ke7 46. a5 bxa5 47. Kc5 Kd7 48. Kb6 a4 49. Kb7 a5 50.
Kb6 a3 51. bxa3 a4 52. Kb7 Kd8 53. Kc6 Ke7 54. Kc7 Ke8 55. Kd6 Kf7 56. Kd7 1-0

[Event "Late-Titled-Tuesday-Blitz-March-05-2024"]
[Site "Chess.com"]
[Date "2024.03.05"]
[Round "6"]
[White "ThaBarWa"]
[Black "GoValya"]
[Result "1-0"]
[WhiteElo "2382"]
[BlackElo "2234"]
[TimeControl "180+1"]
[EndTime "15:04:26 PST"]
[Termination "ThaBarWa won by resignation"]

1. d4 Nf6 2. Nc3 g6 3. Bf4 d5 4. Qd2 Bg7 5. O-O-O a6 6. h4 h5 7. Nf3 b5 8. Ne5 b4 9. Na4 Ne4 10. Qe3 Bd7 11. Nc5 Nxc5 12. dxc5 c6 13. g3 a5 14. Bg2 a4 15. Bxd5 cxd5 16. Rxd5 Qc8 17. Rhd1 Ra7 18. c6 Bxe5 19. cxd7+ Rxd7 20. Qxe5 O-O 21. Bh6 f6 22. Qe6+ Kh7 23. Rxd7 Nxd7 24. Bxf8 b3 25. Qf7+ 1-0

[Event "Late-Titled-Tuesday-Blitz-March-05-2024"]
[Site "Chess.com"]
[Date "2024.03.05"]
[Round "6"]
[White "Charodej1"]
[Black "ninguno46"]
[Result "0-1"]
[WhiteElo "2334"]
[BlackElo "2511"]
[TimeControl "180+1"]
[EndTime "15:04:27 PST"]
[Termination "ninguno46 won by resignation"]

1. c4 e5 2. Nc3 Nf6 3. e3 Bb4 4. a3 Bxc3 5. dxc3 O-O 6. Nf3 e4 7.
Nd4 d6 8. Be2 Nbd7 9. b4 Ne5 10.
O-O Qe7 11. Bd2 c5 12. f4 exf3 13. Nxf3 Neg4 14. Bd3 Ne4 15. h3 Nh6 16. Qc2 Bf5 17.
Rae1 Bg6 18. Kh2 Rae8 19. Bc1 b6 20. g4 d5 21. cxd5 Qd6+ 22. Kg1 c4 23. Bxe4 Bxe4 24. Qh2 Qxd5 25. Nd4 f5 26. g5 Nf7 27. h4 Ne5 28. a4 Ng4 29. Qg3 Bd3 30. Rf4 Be4 31.
Ref1 g6 32. Bd2 Bd3 33. Ra1 Re7 34. b5 Rfe8 35. a5 Nxe3 36. axb6 axb6 37. h5 Ng4 38.
hxg6 hxg6 0-1

[Event "Late-Titled-Tuesday-Blitz-March-05-2024"]
[Site "Chess.com"]
[Date "2024.03.05"]
[Round "6"]
[White "TigrVShlyape"]
[Black "djano"]
[Result "1-0"]
[WhiteElo "2858"]
[BlackElo "2567"]
[TimeControl "180+1"]
[EndTime "15:04:29 PST"]
[Termination "TigrVShlyape won by resignation"]

1. d4 d5 2. Bf4 c5 3. e3 Nc6 4.
c3 cxd4 5. exd4 Nf6 6. Nd2 Bf5 7. Ngf3 e6 8. Bb5 Bd6 9. Bg3 O-O 10. O-O Ne7 11. a4 Ne4 12. Nxe4 Bxe4 13. Nd2 Bg6 14. Bxd6 Qxd6 15. Re1 Qb6 16. Qb3 Nc8 17. a5 Qc7 18.
Qb4 Nd6 19. Bf1 Ne4 20. Nxe4 Bxe4 21. c4 h5 22. c5 h4 23. Qc3 Bf5 24. b4 a6 25. Ra2 Rfe8 26. Rb2 Qd8 27. b5 axb5 28. Rxb5 Ra7 29. Rb6 Qg5 30. Ra1 Rea8 31. h3 Qf6 32. Bb5 Qg6 33. a6 bxa6 34. Rbxa6 Rxa6 35. Rxa6 Rb8 36. Rb6 Ra8 37. c6 Be4 38. Bf1 Rc8 39. c7 e5 40. Rxg6 1-0

[Event "Late-Titled-Tuesday-Blitz-March-05-2024"]
[Site "Chess.com"]
[Date "2024.03.05"]
[Round "6"]
[White "AccioChess"]
[Black "HajiyevKanan"]
[Result "0-1"]
[WhiteElo "2403"]
[BlackElo "2546"]
[TimeControl "180+1"]
[EndTime "15:04:30 PST"]
[Termination "HajiyevKanan won on time"]

1. e4 c6 2. c4 d5 3. exd5 cxd5 4. d4 Nf6 5. Nc3 e6 6. Nf3 Nc6 7. Be2 dxc4 8. Bxc4 Be7 9. O-O O-O 10. a3 a6 11.
h3 b5 12. Ba2 Bb7 13. Be3 Rc8 14.
Qe2 Na5 15. Ne5 Nd7 16. Rfd1 Qc7 17. Rac1 Nxe5 18. dxe5 Qxe5 19. Rd7 Bxa3 20. bxa3 Rxc3 21. Rxc3 Qxc3 22. Bb6 Qc6 23. Rxb7 Nxb7 24. Bd4 Rd8 25. Qe5 f6 26. Bxe6+ Kh8 27. Qxf6 Qc1+ 28. Kh2 Qc7+ 29. Be5 gxf6 30. Bxc7 Rd3 31. Bc8 Nc5 32. Bb6 Rc3 33.
Bxc5 Rxc5 34. Bxa6 Kg7 0-1

[Event "Late-Titled-Tuesday-Blitz-March-05-2024"]
[Site "Chess.com"]
[Date "2024.03.05"]
[Round "6"]
[White "Viktor_Poddubnyi"]
[Black "NovakRatko"]
[Result "0-1"]
[WhiteElo "2265"]
[BlackElo "2389"]
[TimeControl "180+1"]
[EndTime "15:04:31 PST"]
[Termination "NovakRatko won on time"]

1. e4 d5 2. exd5 c6 3. dxc6 Nxc6 4. Nf3 e5 5. d3 Bc5 6. Be2 f5 7. O-O Nf6 8. a3 a5 9. Nc3 O-O 10. Be3 Bxe3 11. fxe3 Qb6 12. Qd2 f4 13. Nd1 Ng4 14. d4 fxe3 15. Nxe3 exd4 16. Bc4+ Kh8 17. Nxg4 Bxg4 18. Ng5 Ne5 19. Bd3 h6 20. Ne4 Rxf1+ 21.
Rxf1 Qxb2 22. Qf4 Nxd3 23. cxd3 Be2 24. Re1 Bxd3 25. Nc5 Bc4 26. Nd7 Qc3 27. Ne5 Qxe1+ 0-1

[Event "Late-Titled-Tuesday-Blitz-March-05-2024"]
[Site "Chess.com"]
[Date "2024.03.05"]
[Round "6"]
[White "AlexTruskavetsky"]
[Black "emeli_chess"]
[Result "1-0"]
[WhiteElo "2691"]
[BlackElo "2419"]
[TimeControl "180+1"]
[EndTime "15:04:34 PST"]
[Termination "AlexTruskavetsky won by checkmate"]

1. d4 Nf6 2. c4 e6 3. Nc3 Bb4 4. e3 b6 5. Bd3 Bb7 6. f3 c5 7. a3 Bxc3+ 8. bxc3 d5 9. cxd5 exd5 10. Ne2 O-O 11. O-O Re8 12. g4 Nc6 13. Ng3 Na5 14.
g5 Nd7 15. f4 c4 16. Bc2 Nb3 17. Rb1 Nxc1 18. Qxc1 g6 19. h4 Qe7 20. Rf3 Qe6 21. f5 Qd6 22. h5 Nf8 23. Kg2 Re7 24. hxg6 fxg6 25. f6 Rf7 26. Qh1 Re8 27. Qh6 Bc8 28.
Rh1 Bg4 29. Rf4 Bc8 30. Nf1 Qxa3 31. Rfh4 Qa2 32. R4h2 Qxc2+ 33. Kg3 Qxc3 34. Rf2 Rxe3+ 35. Nxe3 Qxe3+ 36. Rf3 Qxd4 37. Re1 Bf5 38. Re8 Be4 39. Rxf8+ Rxf8 40. Qg7# 1-0

[Event "Late-Titled-Tuesday-Blitz-March-05-2024"]
[Site "Chess.com"]
[Date "2024.03.05"]
[Round "6"]
[White "janhelmer03"]
[Black "Malev212"]
[Result "0-1"]
[WhiteElo "2398"]
[BlackElo "2625"]
[TimeControl "180+1"]
[EndTime "15:04:34 PST"]
[Termination "Malev212 won by resignation"]

1. d4 d5 2. c4 e6 3. cxd5 exd5 4. Nf3 c6 5. Nc3 Bf5 6. Bf4 Nf6 7. e3 Nbd7 8. Bd3 Bxd3 9. Qxd3 Be7 10. O-O O-O 11. h3 Nb6 12. Ne5 Re8 13. Rab1 a5 14.
Rfc1 Nfd7 15. Nxd7 Qxd7 16. b3 Nc8 17. Na4 Bd6 18. Bxd6 Qxd6 19. Nc5 Qe7 20. Na4 g6 21. Rc5 Nd6 22. Rbc1 Ne4 23. R5c2 Kg7 24. Nc5 Nd6 25.
Na4 h5 26. Rc5 Ne4 27. R5c2 h4 28. Nc5 Nd6 29. a4 f5 30. Rb2 b6 31. Na6 Qb7 32. Rbc2 Qxa6 33. Qxa6 Rxa6 34. Rxc6 Ne4 35. Rc7+ Kf6 36.
Rb7 Re7 37. Rb8 f4 38. Rc6+ Kg7 39. exf4 Nd2 40. Rc3 Re1+ 41. Kh2 Nf1+ 42. Kg1 Ng3+ 0-1

[Event "Late-Titled-Tuesday-Blitz-March-05-2024"]
[Site "Chess.com"]
[Date "2024.03.05"]
[Round "6"]
[White "IngOscarArdila"]
[Black "ATM622"]
[Result "0-1"]
[WhiteElo "2323"]
[BlackElo "2492"]
[TimeControl "180+1"]
[EndTime "15:04:34 PST"]
[Termination "ATM622 won on time"]

1. d4 Nf6 2. c4 c5 3. dxc5 e6 4. Nf3 Bxc5 5. e3 O-O 6. Be2 d5 7. O-O dxc4 8. Bxc4 a6 9. a4 b6 10. Qe2 Bb7 11. Rd1 Qc7 12. Nd4 e5 13. Nf5 Nc6 14. Nc3 Na5 15. Ba2 Rad8 16. Bd2 Qc6 17. Qf1 Ne4 18. b4 Nxd2 19. Rxd2 Rxd2 20. bxc5 Qxc5 21. Ne2 Rfd8 22. Rc1 Qxc1 23. Nxc1 Rd1 24. Nb3 Rxf1+ 25. Kxf1 g6 26. Nxa5 bxa5 27. Nh6+ Kg7 28. Nxf7 Rd2 29. Bc4 Rc2 30. Be6 Kf6 31. Nd6 Kxe6 32. Nxb7 Kd5 33.
Nxa5 Rb2 34. Ke1 e4 35. f3 Rxg2 36. fxe4+ Kxe4 37. Nc4 Kd3 38. Ne5+ Kxe3 39. Nc4+ Kd3 40. Ne5+ Kc3 41. a5 Rxh2 42. Ng4 Rh1+ 43. Kf2 Ra1 44. Nf6 Rxa5 45. Nxh7 Rf5+ 46. Ke3 a5 47. Ke4 a4 48. Ng5 Rxg5 0-1

[Event "Late-Titled-Tuesday-Blitz-March-05-2024"]
[Site "Chess.com"]
[Date "2024.03.05"]
[Round "6"]
[White "dosto07"]
[Black "cristiano78"]
[Result "1-0"]
[WhiteElo "2511"]
[BlackElo "2290"]
[TimeControl "180+1"]
[EndTime "15:04:34 PST"]
[Termination "dosto07 won by resignation"]

1. e4 c5 2. Nf3 d6 3. d4 cxd4 4. Qxd4 Nc6 5. Bb5 Qa5+ 6. Nc3 Qxb5 7. Nxb5 Nxd4 8. Nfxd4 Kd8 9. Be3 a6 10. Nc3 Nf6 11.
f3 g6 12. O-O-O Bg7 13. e5 Ne8 14. Bf4 Bd7 15. Rhe1 dxe5 16. Bxe5 Bxe5 17. Rxe5 Nd6 18. Nd5 Re8 19. Rde1 e6 20. Nf6 Rh8 21. Nb3 Ke7 22.
Nxd7 Kxd7 23. Rd1 Ke7 24. Na5 Rhd8 25. Rc5 Rd7 26. Nc4 Nxc4 27. Rxc4 Rxd1+ 28. Kxd1 Rd8+ 29. Ke2 b5 30. Rc6 Rd6 31. Rc8 Rd8 32. Rxd8 Kxd8 33. Ke3 Kd7 34. Kd4 Kd6 35. f4 f6 36. c4 bxc4 37.
Kxc4 e5 38. fxe5+ Kxe5 39. b4 f5 40. a4 Kd6 41. Kd4 g5 42. b5 axb5 43. axb5 h5 44. g3 Ke6 45. b6 Kd6 46. b7 Kc7 47. Ke5 f4 48. gxf4 gxf4 49. Kxf4 Kxb7 50. Kg5 Kc7 51.
Kxh5 Kd7 52. Kg6 Ke7 53. Kg7 Ke6 54. h4 Kf5 55. h5 1-0

[Event "Late-Titled-Tuesday-Blitz-March-05-2024"]
[Site "Chess.com"]
[Date "2024.03.05"]
[Round "6"]
[White "JoakimVonAnd"]
[Black "jcibarra"]
[Result "0-1"]
[WhiteElo "2702"]
[BlackElo "2932"]
[TimeControl "180+1"]
[EndTime "15:04:36 PST"]
[Termination "jcibarra won by resignation"]

1. d4 Nf6 2. Nf3 g6 3. c4 d6 4. g3 Bf5 5. Nc3 Ne4 6. Bg2 Nxc3 7. bxc3 Be4 8. O-O Bg7 9. Nd2 Bxg2 10. Kxg2 O-O 11. e4 c5 12. Nf3 Nc6 13. Be3 Rc8 14. dxc5 dxc5 15. Bxc5 Qa5 16. Bd4 Rfd8 17. Qb3 Qc7 18.
Rab1 Na5 19. Qb4 b6 20. e5 Nxc4 21. Rfe1 Qb7 22. Re2 Bxe5 23. Bxe5 Rd3 24. Kg1 Qxf3 25. Rbe1 Rd1 26. Qa4 Qxe2 27. Qxd1 Qxd1 28. Rxd1 Nxe5 0-1

[Event "Late-Titled-Tuesday-Blitz-March-05-2024"]
[Site "Chess.com"]
[Date "2024.03.05"]
[Round "6"]
[White "VinzentSpitzl"]
[Black "HamedWafa4"]
[Result "0-1"]
[WhiteElo "2545"]
[BlackElo "2740"]
[TimeControl "180+1"]
[EndTime "15:04:38 PST"]
[Termination "HamedWafa4 won by resignation"]

1. d4 Nf6 2. Nf3 b6 3. c4 Bb7 4. a3 e6 5. Bf4 Be7 6. Nc3 O-O 7. e3 h6 8. h3 d6 9. Be2 Nbd7 10. Qc2 c5 11. O-O a6 12. Bh2 cxd4 13. Nxd4 Rc8 14.
Rfd1 Qc7 15. e4 Ne5 16. b3 b5 17. f4 Nc6 18. Nxc6 Qxc6 19. Bf3 Qb6+ 20. Kh1 bxc4 21. b4 Rfd8 22. Bg1 Qc7 23. Be3 Bc6 24. Qf2 Qb7 25. Qc2 d5 26. e5 Ne4 27.
Bxe4 dxe4 28. Ne2 Rd3 29. Qc1 Ba4 30. Rf1 c3 31. Nd4 Qd5 32. f5 Rxd4 33. f6 Bf8 34. fxg7 Bxg7 35. Bxh6 Qxe5 36. Bxg7 Kxg7 37. Qe1 c2 38.
Qh4 e3 39. Rxf7+ Kxf7 40. Qh7+ Ke8 41. Qg8+ Kd7 42. Qf7+ Kd6 0-1

[Event "Late-Titled-Tuesday-Blitz-March-05-2024"]
[Site "Chess.com"]
[Date "2024.03.05"]
[Round "6"]
[White "Zavgorodniy_Sergiy"]
[Black "masterofpuppets2"]
[Result "1-0"]
[WhiteElo "2626"]
[BlackElo "2487"]
[TimeControl "180+1"]
[EndTime "15:04:38 PST"]
[Termination "Zavgorodniy_Sergiy won by resignation"]

1. d4 d5 2. c4 e6 3. Nf3 c5 4.
dxc5 Bxc5 5. e3 Nf6 6. a3 O-O 7. b4 Bd6 8. Bb2 b6 9. Nbd2 Nbd7 10. Be2 Bb7 11. O-O Qe7 12. Qb3 e5 13. cxd5 Bxd5 14.
Bc4 Bxc4 15. Nxc4 Bc7 16. a4 Rfd8 17. h3 h6 18. Rfd1 e4 19. Nd4 Ne5 20. Nxe5 Qxe5 21. g3 Qd5 22. Qxd5 Rxd5 23. Rdc1 Be5 24. Rc6 Rad8 25.
Rac1 h5 26. Kg2 R5d7 27. b5 h4 28. g4 Nh7 29. Rc8 Ng5 30. Rxd8+ Rxd8 31. Rc2 Nf3 32. Nxf3 exf3+ 33. Kxf3 Bxb2 34. Rxb2 Rd3 35. Rc2 Ra3 36. Rc4 g5 37. Ke4 Ra2 38. Kf3 Kg7 39. Rd4 Kf6 40. Re4 Kg6 41. Rc4 f5 42. Rc6+ Kf7 43. gxf5 Rxa4 44. e4 Rb4 45. e5 Rxb5 46. Rc7+ Ke8 47.
Ke4 Rb4+ 48. Kd5 a5 49. Ke6 Kd8 50. Ra7 g4 51. hxg4 Rxg4 52. f6 Rf4 53. f7 a4 54.
Rxa4 Rxf2 55. Rxh4 b5 56. Rh8+ Kc7 57. f8=Q Rxf8 58.
Rxf8 1-0

[Event "Late-Titled-Tuesday-Blitz-March-05-2024"]
[Site "Chess.com"]
[Date "2024.03.05"]
[Round "6"]
[White "Rodalquilar"]
[Black "vladoboch"]
[Result "1-0"]
[WhiteElo "2778"]
[BlackElo "2435"]
[TimeControl "180+1"]
[EndTime "15:04:39 PST"]
[Termination "Rodalquilar won on time"]

1. d4 Nf6 2. Nf3 d5 3. Bf4 g6 4. e3 Bf5 5. c4 Bg7 6. Nc3 c6 7. Qb3 Bc8 8. h3 O-O 9. Rc1 Qb6 10. Qxb6 axb6 11. cxd5 Nxd5 12. Nxd5 cxd5 13. a3 Bd7 14.
Rc7 Bc6 15. Rxe7 Bf6 16. Rc7 Bd8 17. Rc8 Be7 18. Rxf8+ Bxf8 19. Bd3 b5 20. Ke2 b4 21.
axb4 Bxb4 22. Rc1 Nd7 23. Ne5 Nxe5 24. Bxe5 Ra2 25. Rc2 Ra1 26. Kf3 Kf8 27. g4 Ke7 28. g5 Ke6 29. Kg2 Be7 30. h4 f6 31. Bf4 fxg5 32.
hxg5 Ra2 33. Be2 Kf5 34. Bd3+ Ke6 35. Kg3 Kd7 36. Be2 Ba3 37. Bg4+ Kd8 38. Rxc6 bxc6 39. bxa3 Rxa3 40. Bd6 Ra1 41. Kf4 Rh1 42. Bf8 Ke8 43. Bg7 Kf7 44. Be5 Rc1 45. Bd6 Rc2 46. f3 Rc1 47.
Bd7 Rc4 48. Bc5 Rc1 49. Bxc6 1-0

[Event "Late-Titled-Tuesday-Blitz-March-05-2024"]
[Site "Chess.com"]
[Date "2024.03.05"]
[Round "6"]
[White "Sandstad"]
[Black "Pachonpower"]
[Result "1-0"]
[WhiteElo "2486"]
[BlackElo "2292"]
[TimeControl "180+1"]
[EndTime "15:04:39 PST"]
[Termination "Sandstad won by resignation"]

1. e4 g6 2. h4 h5 3. f4 d5 4.
e5 Bg4 5. Be2 Bxe2 6. Nxe2 Nh6 7. d3 Nc6 8. Be3 Ng4 9. Bg1 e6 10. Nd2 Be7 11. g3 d4 12. Ne4 Qd5 13. c4 Bb4+ 14. Kf1 Qd8 15. a3 Be7 16. b4 a5 17.
b5 Nb8 18. Bxd4 c5 19. Bg1 Nd7 20. N2c3 Qc7 21. Qf3 O-O-O 22. Rd1 Kb8 23. Bf2 Nb6 24. Kg2 Rd4 25. Ne2 Rd7 26. Rd2 Rhd8 27. Rhd1 Nd5 28. cxd5 exd5 29. Ng5 Bxg5 30. hxg5 Qb6 31. a4 Qe6 32.
Ng1 d4 33. Nh3 Rd5 34. Rc2 Qf5 35. b6 Qe6 36. Rb1 Rc8 37. Rb5 Qd7 38. Rc4 Ka8 39.
Rxa5+ Kb8 40. Rb5 Ka8 41. Ng1 h4 42. gxh4 Rh8 43. Nh3 Nxf2 44. Nxf2 Rxh4 45. Rcxc5 Rxc5 46. Rxc5 Kb8 47. Rc7 Rg4+ 48. Qxg4 1-0

[Event "Late-Titled-Tuesday-Blitz-March-05-2024"]
[Site "Chess.com"]
[Date "2024.03.05"]
[Round "6"]
[White "ckgchess"]
[Black "Alphafischer2019"]
[Result "1-0"]
[WhiteElo "2920"]
[BlackElo "2728"]
[TimeControl "180+1"]
[EndTime "15:04:40 PST"]
[Termination "ckgchess won by checkmate"]

1. e4 c5 2. c3 Nf6 3. e5 Nd5 4. d4 cxd4 5. Bc4 Nb6 6. Bb3 Nc6 7.
Nf3 d5 8. exd6 Qxd6 9. O-O e6 10. cxd4 Be7 11. Nc3 O-O 12. Re1 Rd8 13. Be3 Nd5 14.
Ne4 Nxe3 15. Rxe3 Qd7 16. Rd3 b6 17. Ba4 Qb7 18. a3 Bd7 19. Rc1 Be8 20. Nc3 Rac8 21. d5 exd5 22. Nxd5 Bf8 23. Bxc6 Bxc6 24. Nf6+ gxf6 25. Rxd8 Rxd8 26. Qxd8 Bxf3 27. gxf3 Qxf3 28. Rc3 Qd5 29. Rg3+ Kh8 30. Qxf8# 1-0

[Event "Late-Titled-Tuesday-Blitz-March-05-2024"]
[Site "Chess.com"]
[Date "2024.03.05"]
[Round "6"]
[White "Hudijegszid"]
[Black "GotCheeseCheckers"]
[Result "0-1"]
[WhiteElo "2342"]
[BlackElo "2515"]
[TimeControl "180+1"]
[EndTime "15:04:41 PST"]
[Termination "GotCheeseCheckers won by resignation"]

1. e4 e5 2. Nf3 Nc6 3. Bb5 a6 4. Ba4 b5 5. Bb3 Na5 6. Nxe5 Nxb3 7. axb3 Qg5 8. d4 Qxg2 9. Qf3 Qxf3 10. Nxf3 Bb7 11.
Nbd2 Nf6 12. e5 Ne4 13. Ke2 c5 14. Re1 cxd4 15. Nxd4 Bc5 16. N2f3 O-O 17. Be3 d6 18. exd6 Nxd6 19. Kf1 Rfd8 20. c3 Bd5 21. Rad1 Bxd4 22.
Nxd4 Ne8 23. b4 Nd6 24. Bf4 Nc4 25. Nf5 Be6 26. Ne7+ Kf8 27. Nc6 Rxd1 28. Rxd1 Nxb2 29. Rd7 Bxd7 0-1